 Dungeon Crawl Stone Soup version 0.17-a0-1674-g2b13139 (webtiles) character file.

6038 Charly the Destroyer (level 11, 0/70 HPs)
             Began as a Human Fire Elementalist on Aug 18, 2015.
             Was an Elder of Vehumet.
             Slain by a seven-headed hydra (6 damage)
             ... on level 4 of the Lair of Beasts.
             The game lasted 01:21:00 (4283 turns).

Charly the Destroyer (Human Fire Elementalist)      Turns: 4283, Time: 01:21:01

Health: 0/70       AC:  5    Str:  8    XL:     11   Next: 11%
Magic:  1/21       EV: 12    Int: 24    God:    Vehumet [****..]
Gold:   183        SH:  0    Dex: 14    Spells: 6 memorised, 8 levels left

rFire  . . .     SeeInvis .     H - +9 short sword "Wuext" {speed, +Fly rElec MR-}
rCold  + . .     Clarity  .     k - +0 robe
rNeg   . . .     SustAt   .     (no shield)
rPois  .         Gourm    .     (helmet restricted)
rElec  +         Spirit   .     K - +1 cloak
rCorr  .         Warding  .     (no gloves)
rMut   .         Stasis   .     l - +0 pair of boots
MR     .....                    v - amulet of regeneration
Stlth  ++........               B - +4 ring of intelligence
                                x - +3 ring of dexterity

@: not resistant to hostile enchantments, unstealthy
A: horns 1, rugged brown scales 1, blink 1, clumsy 1, cold resistance 1,
deformed body, low mp 1
a: Blink, Renounce Religion, Evoke Flight


You were on level 4 of the Lair of Beasts.
You worshipped Vehumet.
Vehumet was greatly pleased with you.
You were not hungry.

You visited 3 branches of the dungeon, and saw 15 of its levels.
You also visited: Ossuary.

You collected 446 gold pieces.
You spent 263 gold pieces at shops.

Inventory:

Hand weapons
 a - a +0 blowgun
 b - the +8 dagger of Puediqis {flame, *Noise MR+ Str+2}
   (You bought it in a shop on level 9 of the Dungeon)

   It has been specially enchanted to burn those struck by it, causing extra
   injury to most foes and up to half again as much damage against particularly
   susceptible opponents.
   It affects your strength (+2).
   It affects your resistance to hostile enchantments.
   It may make noises in combat.
 H - the +9 short sword "Wuext" (weapon) {speed, +Fly rElec MR-}
   (You found it on level 4 of the Lair of Beasts)

   Attacks with this weapon are significantly faster.
   It insulates you from electricity.
   It affects your resistance to hostile enchantments.
   It lets you fly.
Missiles
 J - 29 poisoned needles
Armour
 k - a +0 robe (worn)
 l - a +0 pair of boots (worn)
 s - a troll hide
 K - a +1 cloak (worn)
Magical staves
 r - an uncursed staff of cold
Jewellery
 v - an amulet of regeneration (around neck)
 x - a +3 ring of dexterity (left hand)
 y - an uncursed ring of flight
 B - a +4 ring of intelligence (right hand)
Magical devices
 E - a wand of enslavement (15)
 F - a wand of confusion (14)
Scrolls
 d - a scroll of recharging
 e - 5 scrolls of remove curse
 h - 3 scrolls of enchant weapon
 i - a scroll of blinking
 q - 3 scrolls of teleportation
 w - a scroll of magic mapping
 C - 3 scrolls of amnesia
 D - a scroll of summoning
Potions
 f - 2 potions of brilliance
 g - a potion of curing
 m - 2 potions of resistance
 n - 4 potions of lignification
 p - 2 potions of haste
 t - 3 potions of might
 u - a potion of ambrosia
 z - a potion of berserk rage
 A - a potion of magic {unknown}
 G - 3 potions of cure mutation
 I - 4 potions of agility
 L - a potion of cancellation {unknown}
 M - 2 potions of poison {unknown}
Books
 j - a Young Poisoner's Handbook

   Spells                             Type                      Level
   a - Sting                          Conjuration/Poison           1
   b - Cure Poison                    Poison                       2
   c - Mephitic Cloud                 Conjuration/Poison/Air       3
   d - Olgreb's Toxic Radiance        Poison                       4
   e - Venom Bolt                     Conjuration/Poison           5
Comestibles
 c - 3 bread rations
 o - 4 meat rations


   Skills:
 - Level 2.0 Dodging
 - Level 2.0 Stealth
 + Level 8.3 Spellcasting
 * Level 10.8 Conjurations
 + Level 8.4 Fire Magic


You had 8 spell levels left.
You knew the following spells:

 Your Spells              Type           Power        Failure   Level  Hunger
b - Fireball              Conj/Fire      ######....   1%          5    ####...
c - Conjure Flame         Conj/Fire      ######..     1%          3    None
f - Flame Tongue          Conj/Fire      #####        1%          1    None
m - Mephitic Cloud        Conj/Pois/Air  ####....     1%          3    None
s - Sticky Flame          Conj/Fire      ######..     1%          4    ##.....
C - Cure Poison           Pois           ##........   12%         2    None


Dungeon Overview and Level Annotations

Branches:
Dungeon (10/15)            Temple (1/1) D:6            Lair (4/8) D:8
    Orc (0/4) D:10
  Swamp: Lair:3-6    Shoals: Lair:3-6     Snake: Lair:3-6    Spider: Lair:3-6

Altars:
Ashenzari
Cheibriados
Fedhas
Gozag
Kikubaaqudgha
Makhleb
Okawaru
Qazlal
Sif Muna
Trog
Vehumet
Xom
Zin
The Shining One
Beogh

Shops:
D:7 (   D:9 (


Innate Abilities, Weirdness & Mutations

You have a pair of small horns on your head.
You are partially covered in rugged brown scales (AC +1, +3% HP).
You can translocate small distances at will.
You are clumsy. (Dex -2)
Your flesh is cold resistant.
Armour fits poorly on your strangely shaped body.
Your magical capacity is low (-10% MP).


Message History

The seven-headed hydra completely misses you.
The seven-headed hydra bites you!!
* * * LOW HITPOINT WARNING * * *
The seven-headed hydra bites you!
* * * LOW HITPOINT WARNING * * *
The seven-headed hydra bites you.
* * * LOW HITPOINT WARNING * * *
The seven-headed hydra closely misses you.
The seven-headed hydra misses you.
The seven-headed hydra is engulfed in roaring flames.
Read which item? (? for menu, Esc to quit)
Okay, then.
Adjust (i)tems, (s)pells, or (a)bilities?
Adjust which ability?
No such ability.
Use which ability? (? or * to list)
You fail to use your ability.
The seven-headed hydra misses you.
The seven-headed hydra barely misses you.
The seven-headed hydra bites you.
You die...

##...##..###.....#
###...§.# ##.....#
###P§.# .....#
#.§.# .. #...##
###§§.# #....## .
##.D#.#P...
#.@.......
#..###.#.. #...#
#.. ##... ... #..#
.. .... #... ....


You could see a seven-headed hydra.

Vanquished Creatures
  Maurice (D:8)
  2 spiny frogs
  A troll (D:9)
  A deep elf fighter (D:8)
  3 hippogriffs
  4 water moccasins
  2 orc warriors
  5 porcupines
  2 ice beasts
  4 sky beasts
  4 ogres
  A phantom (D:8)
  2 centaurs (D:8)
  7 giant frogs
  6 crocodiles
  A big kobold (D:8)
  An elf zombie (Ossuary)
  A scorpion (D:8)
  3 wights (D:6)
  2 centaur zombies (Ossuary)
  2 crimson imps
  2 human zombies (Ossuary)
  A quasit (D:8)
  3 orc wizards
  2 centaur skeletons
  3 hounds
  5 iguanas
  5 worker ants
  A big kobold zombie (Ossuary)
  A hound skeleton (D:8)
  3 mummies
  Robin (D:4)
  3 adders (D:8)
  9 river rats
  A shadow imp (D:5)
  2 oozes (D:1)
  An adder zombie (Ossuary)
  An adder skeleton (D:8)
  5 giant geckos
  31 orcs
  A ball python (D:7)
  5 bats
  A giant cockroach (D:6)
  13 goblins
  4 hobgoblins (D:4)
  5 kobolds
  A giant newt (D:7)
  4 goblin zombies (Ossuary)
  9 hobgoblin zombies (Ossuary)
  A jackal skeleton (D:5)
  A kobold zombie (Ossuary)
  9 orc zombies (Ossuary)
  A quokka zombie (D:7)
  11 rats
201 creatures vanquished.

Vanquished Creatures (others)
  A fungus (D:8)
  A plant (Lair:2)
2 creatures vanquished.

Grand Total: 203 creatures vanquished

Notes
Turn   | Place    | Note
--------------------------------------------------------------
     0 | D:1      | Charly the Human Fire Elementalist began the quest for the Orb.
     0 | D:1      | Reached XP level 1. HP: 13/13 MP: 3/3
    80 | D:1      | Reached XP level 2. HP: 14/19 MP: 0/5
   329 | D:3      | Found a shattered altar of Ashenzari.
   462 | D:4      | Noticed an ogre
   468 | D:3      | Reached XP level 3. HP: 18/24 MP: 3/6
   473 | D:3      | Learned a level 3 spell: Conjure Flame
   519 | D:3      | Found a faded altar to an unknown god.
   559 | D:3      | Found a bloodstained altar of Trog.
   559 | D:3      | Found a glowing golden altar of the Shining One.
   662 | D:4      | Killed an ogre
   662 | D:4      | Reached skill level 4 in Fire Magic
   662 | D:4      | Reached XP level 4. HP: 30/30 MP: 3/8
   662 | D:4      | Reached XP level 5. HP: 35/35 MP: 3/9
   686 | D:4      | Noticed Robin
   724 | D:4      | Killed Robin
   810 | D:5      | Entered Level 5 of the Dungeon
   810 | D:5      | Noticed a sky beast
   858 | D:4      | Learned a level 4 spell: Sticky Flame
   863 | D:5      | Found a snail-covered altar of Cheibriados.
   882 | D:5      | Killed a sky beast
   882 | D:5      | Reached XP level 6. HP: 24/41 MP: 0/11
   947 | D:5      | Noticed a sky beast
  1164 | D:6      | Noticed an ice beast
  1178 | D:6      | Noticed an orc warrior
  1205 | D:6      | Noticed a sky beast
  1218 | D:6      | Killed an ice beast
  1218 | D:6      | Reached XP level 7. HP: 46/46 MP: 0/13
  1269 | D:6      | Reached skill level 5 in Fire Magic
  1310 | D:6      | Noticed an orc warrior
  1321 | D:6      | Killed a sky beast
  1369 | D:6      | Found a staircase to the Ecumenical Temple.
  1378 | Temple   | Entered the Ecumenical Temple
  1415 | Temple   | Became a worshipper of Vehumet
  1487 | D:5      | Learned a level 5 spell: Fireball
  1520 | D:5      | Noticed a sky beast
  1526 | D:5      | Killed a sky beast
  1526 | D:5      | Reached skill level 5 in Conjurations
  1531 | D:5      | Gained mutation: Your magical capacity is low (-10% MP). [mutagenic meat]
  1532 | D:5      | Gained mutation: You have a pair of small horns on your head. [mutagenic meat]
  1533 | D:5      | Gained mutation: You are dopey. (Int -2) [mutagenic meat]
  1534 | D:5      | Lost mutation: You are dopey. (Int -2) [mutagenic meat]
  1535 | D:5      | Gained mutation: You are partially covered in rugged brown scales (AC +1, +3% HP). [mutagenic meat]
  1536 | D:5      | Gained mutation: You are clumsy. (Dex -2) [mutagenic meat]
  1549 | D:5      | Reached XP level 8. HP: 50/53 MP: 4/13
  1719 | D:7      | Found Foduphurgh's Weapon Emporium.
  1722 | D:7      | Bought a +0 blowgun for 32 gold pieces
  1912 | D:6      | Reached skill level 5 in Spellcasting
  1912 | D:6      | Reached skill level 6 in Conjurations
  2072 | D:7      | Acquired Vehumet's first power
  2072 | D:7      | Offered knowledge of Sandblast by Vehumet.
  2185 | D:7      | Found a glowing silver altar of Zin.
  2186 | D:7      | Found an opulent altar of Gozag.
  2307 | D:7      | Found a shimmering altar of Xom.
  2425 | D:8      | Reached XP level 9. HP: 50/58 MP: 12/15
  2433 | D:8      | Reached skill level 7 in Conjurations
  2463 | D:8      | Noticed Maurice
  2506 | D:8      | Killed Maurice
  2570 | D:8      | Found a sand-covered staircase.
  2594 | Ossuary  | Entered an ossuary
  2655 | Ossuary  | Offered knowledge of Shock by Vehumet.
  2688 | Ossuary  | Reached skill level 8 in Conjurations
  2811 | D:8      | Offered knowledge of Mephitic Cloud by Vehumet.
  2967 | D:9      | Noticed a troll
  2978 | D:9      | Killed a troll
  3114 | D:9      | Found Icoeg's Antique Weapon Boutique.
  3119 | D:9      | Bought a polished dagger for 231 gold pieces
  3119 | D:9      | Identified the +8 dagger of Puediqis {flame, *Noise MR+ Str+2} (You bought it in a shop on level 9 of the Dungeon)
  3136 | D:9      | Reached XP level 10. HP: 64/64 MP: 14/18
  3141 | D:9      | Learned a level 3 spell: Mephitic Cloud
  3144 | D:9      | Gained mutation: Armour fits poorly on your strangely shaped body. [mutagenic meat]
  3145 | D:9      | Gained mutation: You can translocate small distances at will. [mutagenic meat]
  3146 | D:9      | Gained mutation: Your flesh is cold resistant. [mutagenic meat]
  3186 | D:9      | Acquired Vehumet's second power
  3262 | D:9      | Found a roughly hewn altar of Beogh.
  3375 | D:9      | Reached skill level 9 in Conjurations
  3494 | D:10     | Entered Level 10 of the Dungeon
  3544 | D:10     | Found a staircase to the Orcish Mines.
  3567 | D:10     | Offered knowledge of Fulminant Prism by Vehumet.
  3692 | D:8      | Found a staircase to the Lair.
  3704 | Lair:1   | Entered Level 1 of the Lair of Beasts
  3709 | Lair:1   | Noticed a spiny frog
  3732 | Lair:1   | Killed a spiny frog
  3803 | Lair:2   | Noticed a black mamba
  3818 | Lair:1   | Reached skill level 10 in Conjurations
  3894 | Lair:2   | Learned a level 2 spell: Cure Poison
  4086 | Lair:3   | Noticed a seven-headed hydra
  4115 | Lair:3   | Noticed a spiny frog
  4131 | Lair:3   | Killed a spiny frog
  4147 | Lair:3   | Acquired Vehumet's third power
  4147 | Lair:3   | Reached XP level 11. HP: 50/70 MP: 9/20
  4151 | Lair:3   | Noticed a four-headed hydra
  4190 | Lair:4   | Offered knowledge of Stone Arrow by Vehumet.
  4207 | Lair:4   | Noticed a seven-headed hydra
  4222 | Lair:4   | Got an iridescent short sword
  4223 | Lair:4   | Identified the +9 short sword "Wuext" {speed, +Fly rElec MR-} (You found it on level 4 of the Lair of Beasts)
  4283 | Lair:4   | Slain by a seven-headed hydra

Vault maps used:
D:1:      dpeg_arrival_rooms_a
D:2:      lemuel_coloured_pillars_altar, hangedman_ru_absence, uniq_terence
D:3:      gammafunk_temple_overflow_elements, evilmike_ruin_ashenzari,
          ecumenical_altar_1
D:4:      kennysheep_mini_moat, nicolae_dithmenos_through_a_glass_darkly,
          first_bread, uniq_robin
D:5:      lemuel_crystal_altar, cheibriados_altar_1
D:6:      minmay_temple_entry_trees, nicolae_zen_rock_garden,
          kennysheep_generic_room_2
D:7:      grunt_temple_overflow_gold_and_silver, nicolae_overflow_hidden_temple,
          xom_teletrap_fun, serial_shops, nicolae_shop_behind_doors,
          serial_glass, glass_columns_a, glass_columns_a
D:8:      grunt_lair_entry_elf_guard_hut, gup_ossuary_entry_pyramid,
          uniq_prince_ribbit1, uniq_erica, uniq_maurice
D:9:      special_room, serial_shops, kennysheep_little_box
D:10:     orc_0_dummy, blue_anna_alchemist, minivault_7
Temple:   temple_island_7
Lair:1:   grunt_megastairs_4, lemuel_fruit_tree
Lair:2:   uniq_sonja
Lair:3:   lemuel_fruit_fields
Lair:4:   minivault_19, zaba_anthell
Ossuary:  ossuary_tomb_1

Action                   |  1- 3 |  4- 6 |  7- 9 | 10-12 || total
-------------------------+-------+-------+-------+-------++-------
Melee: Unarmed           |    12 |     3 |       |       ||    15
       Dagger            |       |    50 |    27 |    59 ||   136
       Hand axe          |       |       |    74 |       ||    74
       Short sword       |       |       |       |     7 ||     7
 Fire: Greatsling        |     9 |    37 |    28 |     3 ||    77
       Blowgun           |       |       |    12 |       ||    12
 Cast: Flame Tongue      |    22 |    39 |   119 |    77 ||   257
       Conjure Flame     |       |     4 |    11 |     8 ||    23
       Sticky Flame      |       |       |    17 |    23 ||    40
       Fireball          |       |       |     1 |       ||     1
       Mephitic Cloud    |       |       |       |     2 ||     2
  Use: Scroll            |     7 |     1 |     5 |    10 ||    23
       Potion            |       |       |       |     1 ||     1
 Stab: Sleeping          |       |       |     5 |     5 ||    10
  Eat: Bread ration      |       |     1 |       |       ||     1
       Chunk             |       |       |     8 |     4 ||    12
       Pizza             |       |       |     1 |       ||     1
       Meat ration       |       |       |     1 |       ||     1
       Fruit             |       |       |       |     8 ||     8
